 Dungeon Crawl Stone Soup version 0.19-a0-1051-gdb7e7f8 (webtiles) character file.

85 mistymad the Ruffian (level 4, 0/45 HPs)
             Began as a Troll Monk on Aug 1, 2016.
             Killed from afar by Sigmund (6 damage)
             ... with a puff of flame
             ... on level 3 of the Dungeon.
             The game lasted 00:01:46 (889 turns).

mistymad the Ruffian (Troll Monk)                    Turns: 889, Time: 00:01:47

Health: 0/45       AC:  5    Str: 19    XL:     4   Next: 25%
Magic:  3/3        EV: 11    Int:  7    God:
Gold:   68         SH:  0    Dex: 12    Spells: 0 memorised, 3 levels left

rFire  x . .     SeeInvis .       - Unarmed
rCold  + . .     Gourm    +     o - +0 robe {MR+}
rNeg   . . .     Faith    .     (no shield)
rPois  .         Spirit   .     (helmet restricted)
rElec  .         Dismiss  .     (no cloak)
rCorr  .         Reflect  .     (gloves unavailable)
SustAt .         Harm     .     (boots unavailable)
MR     +....                    (no amulet)
Stlth  +.........               (no ring)
                                k - ring of ice

@: somewhat resistant to hostile enchantments, very unstealthy
A: unfitting armour, claws 3, fast metabolism 3, gourmand, regeneration 2,
shaggy fur 1, tough skin 2
a: no special abilities


You were on level 3 of the Dungeon.
You were not hungry.

You visited 1 branch of the dungeon, and saw 3 of its levels.

You collected 68 gold pieces.

Inventory:

Missiles
 j - 2 throwing nets (quivered)
Armour
 o - a +0 robe of magic resistance (worn)
Jewellery
 k - a ring of ice (left claw)
Wands
 m - a wand of polymorph (14/24)
Scrolls
 c - 3 scrolls of identify {unknown}
 d - 3 scrolls of teleportation {unknown}
 i - a scroll of random uselessness {unknown}
 l - a scroll of remove curse {unknown}
Potions
 a - a potion of cancellation {unknown}
 e - a potion of flight {unknown}
 g - a potion of mutation {unknown}
Comestibles
 b - 3 bread rations
 f - 3 beef jerkies
 h - a meat ration


   Skills:
 + Level 3.1 Fighting
 + Level 2.9 Dodging
 - Level 1.1 Stealth
 + Level 4.0 Unarmed Combat


You had 3 spell levels left.
You didn't know any spells.

Dungeon Overview and Level Annotations

Branches:
Dungeon (3/15)

Altars:

Annotations:
D:3 Sigmund


Innate Abilities, Weirdness & Mutations

You are too large for most types of armour.
You have claws for hands.
Your metabolism is lightning-fast.
You like to eat raw meat.
You heal very quickly.
You are covered in fur. (AC +1)
You have very tough skin. (AC +2)


Message History

You are confused.
Sigmund hits you but does no damage.
You bump into the rock wall.
Sigmund mumbles some strange words.
Sigmund flickers and vanishes!
Deactivating autopickup; reactivate with Ctrl-A.
You bump into the rock wall.
Something hits you!
You take 14 damage, and have 24/45 hp.
MASSIVE DAMAGE!!
You miss something. You scratch something but do no damage.
You hear some strange, mumbled words.
A puff of flame appears from out of thin air!
The puff of flame hits you! The fire burns you terribly!
* * * LOW HITPOINT WARNING * * *
You take 18 damage, and have 6/45 hp.
MASSIVE DAMAGE!!
You feel less confused.
You hear some strange, mumbled words.
A puff of flame appears from out of thin air!
The puff of flame hits you! The fire burns you terribly!
You die...

.................##.#
.................#..
#.......(........#.#
#######...#......#.###.#
# #...####.#.......# #
#...# #.###.#..... #...#
#.# #.#.#.## ....#
#.###††.#.# ##...#
#(.@.{....# #####
######....... .......
....##. #.### .. ###


There were no monsters in sight!

Vanquished Creatures
  4 adders
  An ooze (D:1)
  2 worms (D:2)
  2 dart slugs (D:2)
  2 bats (D:1)
  A giant cockroach (D:1)
  4 goblins
  4 hobgoblins
  3 jackals (D:3)
  3 quokkas (D:2)
  A giant newt (D:2)
  4 kobolds
  4 rats
35 creatures vanquished.

Notes
Turn   | Place    | Note
-------+----------+-------------------------------------------
     0 | D:1      | mistymad the Troll Monk began the quest for the Orb.
     0 | D:1      | Reached XP level 1. HP: 22/22 MP: 0/0
   211 | D:1      | Reached XP level 2. HP: 29/29 MP: 1/1
   495 | D:2      | Reached XP level 3. HP: 36/36 MP: 2/2
   774 | D:2      | Reached XP level 4. HP: 41/45 MP: 3/3
   864 | D:3      | Reached skill level 4 in Unarmed Combat
   876 | D:3      | Noticed Sigmund
   889 | D:3      | Killed from afar by Sigmund

Vault maps used:
D:1:      saegor_arrival_simple_d, corexii_leaking_fountain, patterned_corridor
D:3:      uniq_sigmund

Skill      XL: |  1  2  3  4 |
---------------+-------------+-----
Fighting       | 3 |  3.1
Unarmed Combat | 4 |  4.0
Dodging        | |  2.9
Stealth        | |  1.1

Action                   |  1- 3 |  4- 6 || total
-------------------------+-------+-------++-------
Melee: Unarmed           |    93 |    17 ||   110
       Punch             |     2 |       ||     2
  Eat: Chunk             |     8 |     1 ||     9
Armor: Robe              |    22 |     6 ||    28
Dodge: Dodged            |    42 |     5 ||    47
